Canadiens vs Penguins
Created - 26 janvier 2014 at 19:10
Goals
|
| Canadiens |
1 |
3 |
0 |
4 |
| Penguins |
1 |
1 |
0 |
2 |
|
Shots
|
| Canadiens |
8 |
7 |
15 |
30 |
| Penguins |
7 |
15 |
7 |
29 |
|
1st period
1. Canadiens , Patrick Marleau 20 (Marek Svatos) at 2:32
2. Penguins , Denis Arkhipov 10 (Marc-Édouard Vlasic, Raffi Torres) at 14:42
Penalties :
Yan Stastny (Mon) for Roughing (Minor) at 3:18, Ville Peltonen (Pit) for Hooking (Minor) at 9:26, Patrick Marleau (Mon) for Tripping (Minor) at 15:42
2nd period
3. Penguins , Dainius Zubrus 12 (Ryan Kesler) at 1:26
4. Canadiens , Viktor Kozlov 24 (Marek Svatos, Éric Desjardins) at 4:58
5. Canadiens , Chris Dingman 6 (Michel Ouellet, Viktor Kozlov) at 8:38
6. Canadiens , Patric Hornqvist 14 (Mike York, Ossi Vaananen) at 12:11
Penalties :
Brian McGrattan (Pit) for Holding (Minor) at 9:20, Denis Arkhipov (Pit) for Hooking (Minor) at 13:04
3rd period
No Goal
Penalties :
Darren Reid (Pit) for Hooking (Minor) at 5:52
Goalie Stats
Kari Lehtonen (Mon), 27 saves from 29 shots - (0,931), W, 20-10-3, 60:00 minutes
Brian Elliott (Pit), 9 saves from 13 shots - (0,692), L, 13-7-6, 32:11 minutes
Ondrej Pavelec (Pit), 17 saves from 17 shots - (1,000), 27:49 minutes
Players Stats for Canadiens
Player Name G A P +/- PIM S H SB GA TA FO MP PP MP PK MP
------------------------------------------------------------------------------------
Chris Dingman 1 0 1 1 0 1 2 0 0 0 0/0 8:45 0:00 0:50
Éric Desjardins 0 1 1 1 0 1 0 0 0 1 0/0 15:00 0:00 0:00
Jeff Woywitka 0 0 0 1 0 1 2 2 0 1 0/0 26:06 5:28 2:06
Marek Svatos 0 2 2 2 0 0 1 0 2 0 0/0 16:09 2:42 0:56
Matt Carle 0 0 0 0 0 0 0 0 0 0 0/0 15:02 2:28 0:00
Michel Ouellet 0 1 1 1 0 0 1 0 0 0 0/1 10:07 0:04 1:57
Mike Cammalleri 0 0 0 0 0 3 3 2 0 2 7/14 21:12 5:10 1:57
Mike York 0 1 1 0 0 5 2 0 2 0 0/0 17:22 2:42 0:00
Nicklas Lidstrom 0 0 0 1 0 5 2 0 1 0 0/0 27:03 5:28 1:52
Ossi Vaananen 0 1 1 1 0 0 0 0 0 0 0/0 17:42 0:00 2:06
Patric Hornqvist 1 0 1 0 0 1 1 0 0 0 1/4 20:36 5:10 0:00
Patrick Marleau 1 0 1 2 2 5 0 0 0 0 0/1 17:52 5:10 0:43
Radim Vrbata 0 0 0 -1 0 3 1 0 0 0 1/3 14:39 0:04 0:00
Ruslan Fedotenko 0 0 0 -1 0 1 2 1 0 1 0/0 14:02 0:04 0:00
Tomas Kloucek 0 0 0 0 0 0 0 0 0 1 0/0 7:26 2:28 0:00
Tyler Sloan 0 0 0 0 0 0 0 0 0 0 0/0 12:23 0:00 1:52
Viktor Kozlov 1 1 2 3 0 3 2 0 0 0 13/19 20:57 2:42 1:33
Yan Stastny 0 0 0 -1 2 1 3 0 0 0 3/6 13:37 0:00 0:00
Players Stats for Penguins
Player Name G A P +/- PIM S H SB GA TA FO MP PP MP PK MP
------------------------------------------------------------------------------------
Brian McGrattan 0 0 0 -1 2 0 1 1 1 0 0/0 17:50 1:50 1:21
Brooks Orpik 0 0 0 0 0 1 1 0 0 0 0/0 28:33 2:10 4:25
Carlo Colaiacovo 0 0 0 -1 0 1 0 0 0 0 0/0 11:13 0:01 0:00
Dainius Zubrus 1 0 1 0 0 1 0 0 0 0 1/1 7:26 0:01 0:00
Dan Hamhuis 0 0 0 -1 0 4 0 0 2 1 0/0 20:01 1:48 3:31
Darren Reid 0 0 0 -1 2 0 0 0 0 1 1/2 20:24 2:07 3:19
Denis Arkhipov 1 0 1 0 2 2 1 0 0 0 2/4 13:47 0:00 1:13
Dennis Seidenberg 0 0 0 0 0 0 0 0 0 0 0/0 3:55 0:00 0:00
Marc-Édouard Vlasic 0 1 1 -1 0 0 0 0 0 1 0/0 10:53 0:00 0:00
Mike Watt 0 0 0 0 0 2 1 0 0 1 1/1 8:12 0:00 1:49
Raffi Torres 0 1 1 0 0 4 1 0 0 0 0/1 15:25 0:00 2:06
Ryan Kesler 0 1 1 -1 0 3 0 1 1 0 13/30 24:31 2:07 4:14
Steve Staios 0 0 0 0 0 2 0 2 0 0 0/0 25:44 2:10 4:25
Steven Reinprecht 0 0 0 -1 0 1 1 0 0 0 5/7 15:56 1:50 0:00
Taylor Pyatt 0 0 0 -1 0 1 3 1 1 0 0/1 19:07 2:07 1:50
Ted Purcell 0 0 0 0 0 3 0 0 1 0 0/1 13:07 0:01 0:00
Tom Preissing 0 0 0 -1 0 2 0 1 0 1 0/0 20:01 1:48 3:31
Ville Peltonen 0 0 0 -1 2 2 2 0 0 0 0/0 15:55 1:50 0:00
3 Stars
1 - Viktor Kozlov (Mon)
2 - Marek Svatos (Mon)
3 - Chris Dingman (Mon)
Power Play
Canadiens - 0 on 4 Attempt(s) - 0,00%
Penguins - 0 on 2 Attempt(s) - 0,00%
Penalty Kill
Canadiens - 2 on 2 Attempt(s) - 100,00%
- Score 0 goal in Penalty Kill
Penguins - 4 on 4 Attempt(s) - 100,00%
- Score 0 goal in Penalty Kill
Official
Referees : Kowal Tom and Jackson Dave
Linesman : Don Henderson and Tony Sericolo
Game Notes
Ondrej Pavelec enters game at 12:11 of 2nd period
Finance
Level 1 -- Attendance: 5169 (86,15%) -- Ticket Income 434 196 $
Level 2 -- Attendance: 5000 (100,00%) -- Ticket Income 215 000 $
Level 3 -- Attendance: 1991 (99,55%) -- Ticket Income 47 784 $
Level 4 -- Attendance: 3446 (86,15%) -- Ticket Income 65 474 $
Luxury Box -- Attendance: 1000 (100,00%) -- Ticket Income 162 000 $
Game was played at the Igloo
Total Attendance: 16606 (92,26%)
Total Ticket Income: 924 454 $
Other Income: 138 668 $
Total Income: 1 063 122 $
Canadiens
5 vs 5 Forward
Center Left Wing Right Wing Time % Phy DF OF
1 Viktor Kozlov Patrick Marleau Marek Svatos 35 1 2 2
2 Mike Cammalleri Mike York Patric Hornqvist 30 1 2 2
3 Yan Stastny Ruslan Fedotenko Radim Vrbata 25 1 2 2
4 Viktor Kozlov Chris Dingman Michel Ouellet 10 1 2 2
5 vs 5 Defense
Defense Defense Time % Phy DF OF
1 Nicklas Lidstrom Jeff Woywitka 40 1 2 2
2 Éric Desjardins Ossi Vaananen 30 1 2 2
3 Tyler Sloan Matt Carle 20 1 2 2
4 Nicklas Lidstrom Tomas Kloucek 10 1 2 2
PowerPlay Forward
Center Left Wing Right Wing Time % Phy DF OF
1 Mike Cammalleri Patrick Marleau Patric Hornqvist 60 1 2 2
2 Viktor Kozlov Mike York Marek Svatos 40 1 2 2
PowerPlay Defense
Defense Defense Time % Phy DF OF
1 Nicklas Lidstrom Jeff Woywitka 60 1 2 2
2 Matt Carle Tomas Kloucek 40 1 2 2
Penalty Kill 4 Players Forward
Center Wing Time % Phy DF OF
1 Mike Cammalleri Michel Ouellet 60 1 2 2
2 Viktor Kozlov Patrick Marleau 40 1 2 2
Penalty Kill 4 Players Defense
Defense Defense Time % Phy DF OF
1 Ossi Vaananen Jeff Woywitka 60 1 2 2
2 Nicklas Lidstrom Tyler Sloan 40 1 2 2
Penalty Kill - 3 Players Forward
Forward Time % Phy DF OF
1 Mike Cammalleri 60 1 2 2
2 Viktor Kozlov 40 1 2 2
Penalty Kill - 3 Players Defense
Defense Defense Time % Phy DF OF
1 Ossi Vaananen Jeff Woywitka 60 1 2 2
2 Nicklas Lidstrom Tyler Sloan 40 1 2 2
4 vs 4 Forward
Center Wing Time % Phy DF OF
1 Viktor Kozlov Patrick Marleau 60 1 2 2
2 Mike Cammalleri Mike York 40 1 2 2
4 vs 4 Defense
Defense Defense Time % Phy DF OF
1 Nicklas Lidstrom Jeff Woywitka 60 1 2 2
2 Éric Desjardins Ossi Vaananen 40 1 2 2
Last Minutes Offensive
Center Left Wing Right Wing Defense Defense
Viktor Kozlov Patrick Marleau Marek Svatos Nicklas Lidstrom Jeff Woywitka
Last Minutes Defensive
Center Left Wing Right Wing Defense Defense
Viktor Kozlov Patrick Marleau Marek Svatos Éric Desjardins Jeff Woywitka
Goaltenders
Starting : Kari Lehtonen
Backup : Mikael Tellqvist
Extra Forwards
Normal : Radim Vrbata, Patric Hornqvist, Mike York - PP : Radim Vrbata, Ruslan Fedotenko - PK : Marek Svatos
Extra Defensemen
Normal : Tomas Kloucek, Matt Carle, Nicklas Lidstrom - PP : Ossi Vaananen - PK : Matt Carle, Éric Desjardins
Penalty Shots
Patrick Marleau, Mike Cammalleri, Viktor Kozlov, Marek Svatos, Mike York
Penguins
5 vs 5 Forward
Center Left Wing Right Wing Time % Phy DF OF
1 Ryan Kesler Taylor Pyatt Darren Reid 40 1 2 2
2 Steven Reinprecht Ville Peltonen Brian McGrattan 30 1 2 2
3 Denis Arkhipov Raffi Torres Ted Purcell 20 1 2 2
4 Ryan Kesler Mike Watt Dainius Zubrus 10 1 2 2
5 vs 5 Defense
Defense Defense Time % Phy DF OF
1 Brooks Orpik Steve Staios 40 1 2 2
2 Dan Hamhuis Tom Preissing 30 1 2 2
3 Marc-Édouard Vlasic Carlo Colaiacovo 20 1 2 2
4 Dennis Seidenberg Brooks Orpik 10 1 2 2
PowerPlay Forward
Center Left Wing Right Wing Time % Phy DF OF
1 Ryan Kesler Taylor Pyatt Darren Reid 60 1 2 2
2 Steven Reinprecht Ville Peltonen Brian McGrattan 40 1 2 2
PowerPlay Defense
Defense Defense Time % Phy DF OF
1 Brooks Orpik Steve Staios 60 1 2 2
2 Dan Hamhuis Tom Preissing 40 1 2 2
Penalty Kill 4 Players Forward
Center Wing Time % Phy DF OF
1 Ryan Kesler Darren Reid 60 1 2 2
2 Taylor Pyatt Brian McGrattan 40 1 2 2
Penalty Kill 4 Players Defense
Defense Defense Time % Phy DF OF
1 Brooks Orpik Steve Staios 60 1 2 2
2 Dan Hamhuis Tom Preissing 40 1 2 2
Penalty Kill - 3 Players Forward
Forward Time % Phy DF OF
1 Ryan Kesler 60 1 2 2
2 Darren Reid 40 1 2 2
Penalty Kill - 3 Players Defense
Defense Defense Time % Phy DF OF
1 Brooks Orpik Steve Staios 60 1 2 2
2 Dan Hamhuis Tom Preissing 40 1 2 2
4 vs 4 Forward
Center Wing Time % Phy DF OF
1 Ryan Kesler Darren Reid 60 1 2 2
2 Taylor Pyatt Brian McGrattan 40 1 2 2
4 vs 4 Defense
Defense Defense Time % Phy DF OF
1 Brooks Orpik Steve Staios 60 1 2 2
2 Dan Hamhuis Tom Preissing 40 1 2 2
Last Minutes Offensive
Center Left Wing Right Wing Defense Defense
Ryan Kesler Taylor Pyatt Darren Reid Brooks Orpik Steve Staios
Last Minutes Defensive
Center Left Wing Right Wing Defense Defense
Ryan Kesler Taylor Pyatt Darren Reid Brooks Orpik Steve Staios
Goaltenders
Starting : Brian Elliott
Backup : Ondrej Pavelec
Extra Forwards
Normal : Ted Purcell, Dainius Zubrus, Raffi Torres - PP : Ted Purcell, Dainius Zubrus - PK : Raffi Torres
Extra Defensemen
Normal : Marc-Édouard Vlasic, Carlo Colaiacovo, Dennis Seidenberg - PP : Marc-Édouard Vlasic - PK : Carlo Colaiacovo, Dennis Seidenberg
Penalty Shots
Ryan Kesler, Darren Reid, Taylor Pyatt, Brian McGrattan, Ville Peltonen
% Time on Ice - Canadiens
Lines # - Real PCT - Wanted PCT - Time Play
Normal Forward
1 - 28% - 35% - 13:15
2 - 29% - 30% - 14:02
3 - 28% - 25% - 13:25
4 - 15% - 10% - 7:24
Normal Defense
1 - 37% - 40% - 17:56
2 - 33% - 30% - 15:45
3 - 23% - 20% - 11:07
4 - 7% - 10% - 3:18
PP Forward
1 - 66% - 60% - 5:14
2 - 34% - 40% - 2:42
PP Defense
1 - 69% - 60% - 5:28
2 - 31% - 40% - 2:28
PK Forward
1 - 67% - 60% - 2:40
2 - 33% - 40% - 1:18
PK Defense
1 - 53% - 60% - 2:06
2 - 47% - 40% - 1:52
PK3 Forward
1 - 0% - 60%
2 - 0% - 40%
PK3 Defense
1 - 0% - 60%
2 - 0% - 40%
44 Forward
1 - 0% - 60%
2 - 0% - 40%
44 Defense
1 - 0% - 60%
2 - 0% - 40%
Last Minute Offensive - 0:00
Last Minute Defensive - 0:00
Total
Forward - 60:00
Defense - 60:00
|
% Time on Ice - Penguins
Lines # - Real PCT - Wanted PCT - Time Play
Normal Forward
1 - 32% - 40% - 15:18
2 - 30% - 30% - 14:40
3 - 25% - 20% - 12:07
4 - 13% - 10% - 6:01
Normal Defense
1 - 40% - 40% - 19:09
2 - 31% - 30% - 14:42
3 - 23% - 20% - 10:53
4 - 7% - 10% - 3:22
PP Forward
1 - 54% - 60% - 2:08
2 - 46% - 40% - 1:50
PP Defense
1 - 55% - 60% - 2:10
2 - 45% - 40% - 1:48
PK Forward
1 - 77% - 60% - 6:06
2 - 23% - 40% - 1:50
PK Defense
1 - 56% - 60% - 4:25
2 - 44% - 40% - 3:31
PK3 Forward
1 - 0% - 60%
2 - 0% - 40%
PK3 Defense
1 - 0% - 60%
2 - 0% - 40%
44 Forward
1 - 0% - 60%
2 - 0% - 40%
44 Defense
1 - 0% - 60%
2 - 0% - 40%
Last Minute Offensive - 0:00
Last Minute Defensive - 0:00
Total
Forward - 60:00
Defense - 60:00
|
Play by Play
1st period
0:01 of 1st period - Darren Reid wins face-off versus Viktor Kozlov in neutral zone.
0:38 of 1st period - Slapshot by Nicklas Lidstrom.
0:38 of 1st period - Shot Misses the Net.
1:47 of 1st period - Slapshot by Nicklas Lidstrom.
1:47 of 1st period - Stopped by Brian Elliott with a rebound.
2:01 of 1st period - Slapshot by Nicklas Lidstrom.
2:01 of 1st period - Stopped by Brian Elliott without a rebound.
2:02 of 1st period - Yan Stastny wins face-off versus Denis Arkhipov in Penguins zone.
2:09 of 1st period - Snap shot by Radim Vrbata.
2:09 of 1st period - Shot Misses the Net.
2:11 of 1st period - Wrist shot by Yan Stastny.
2:11 of 1st period - Stopped by Brian Elliott with a rebound.
2:13 of 1st period - Snap shot by Yan Stastny.
2:13 of 1st period - Shot Blocked by Tom Preissing.
2:32 of 1st period - Snap shot by Patrick Marleau.
2:32 of 1st period - Goal by Patrick Marleau - Canadiens : 1 - Penguins : 0.
2:33 of 1st period - Ryan Kesler wins face-off versus Viktor Kozlov in neutral zone.
2:36 of 1st period - Backhand shot by Ryan Kesler.
2:36 of 1st period - Shot Misses the Net.
3:18 of 1st period - Minor Penalty to Yan Stastny for Roughing.
3:19 of 1st period - Mike Cammalleri wins face-off versus Ryan Kesler in Canadiens zone.
5:18 of 1st period - Penalty to Yan Stastny is over, Yan Stastny is back on ice.
5:46 of 1st period - Marc-Édouard Vlasic is hit by Mike York and loses puck.
8:16 of 1st period - Wrist shot by Radim Vrbata.
8:16 of 1st period - Shot Misses the Net.
9:26 of 1st period - Minor Penalty to Ville Peltonen for Hooking.
9:27 of 1st period - Ryan Kesler wins face-off versus Mike Cammalleri in Penguins zone.
9:42 of 1st period - Slapshot by Patrick Marleau.
9:42 of 1st period - Stopped by Brian Elliott without a rebound.
9:43 of 1st period - Viktor Kozlov wins face-off versus Ryan Kesler in Penguins zone.
11:26 of 1st period - Penalty to Ville Peltonen is over, Ville Peltonen is back on ice.
11:37 of 1st period - Slapshot by Denis Arkhipov.
11:37 of 1st period - Shot Misses the Net.
11:58 of 1st period - Slapshot by Nicklas Lidstrom.
11:58 of 1st period - Stopped by Brian Elliott without a rebound.
11:59 of 1st period - Steven Reinprecht wins face-off versus Michel Ouellet in Penguins zone.
11:59 of 1st period - Steven Reinprecht is hit by Viktor Kozlov.
12:30 of 1st period - Snap shot by Ruslan Fedotenko.
12:30 of 1st period - Shot Misses the Net.
13:33 of 1st period - Denis Arkhipov is hit by Ruslan Fedotenko and loses puck.
13:50 of 1st period - Ville Peltonen is hit by Chris Dingman.
14:02 of 1st period - Wrist shot by Patrick Marleau.
14:02 of 1st period - Shot Misses the Net.
14:38 of 1st period - Snap shot by Raffi Torres.
14:38 of 1st period - Stopped by Kari Lehtonen with a rebound.
14:40 of 1st period - Slapshot by Marc-Édouard Vlasic.
14:40 of 1st period - Shot Blocked by Ruslan Fedotenko.
14:42 of 1st period - Wrist shot by Denis Arkhipov.
14:42 of 1st period - Goal by Denis Arkhipov - Canadiens : 1 - Penguins : 1.
14:43 of 1st period - Ryan Kesler wins face-off versus Patrick Marleau in neutral zone.
14:45 of 1st period - Off-side.
14:46 of 1st period - Viktor Kozlov wins face-off versus Ryan Kesler in neutral zone.
15:13 of 1st period - Wrist shot by Ville Peltonen.
15:13 of 1st period - Deflect By Jeff Woywitka.
15:13 of 1st period - Stopped by Kari Lehtonen with a rebound.
15:35 of 1st period - Wrist shot by Ted Purcell.
15:35 of 1st period - Stopped by Kari Lehtonen with a rebound.
15:37 of 1st period - Slapshot by Dan Hamhuis.
15:37 of 1st period - Stopped by Kari Lehtonen with a rebound.
15:39 of 1st period - Slapshot by Tom Preissing.
15:39 of 1st period - Stopped by Kari Lehtonen without a rebound.
15:40 of 1st period - Viktor Kozlov wins face-off versus Ryan Kesler in Canadiens zone.
15:42 of 1st period - Minor Penalty to Patrick Marleau for Tripping.
15:43 of 1st period - Mike Cammalleri wins face-off versus Darren Reid in Canadiens zone.
15:57 of 1st period - Snap shot by Ryan Kesler.
15:57 of 1st period - Shot Blocked by Mike Cammalleri.
15:59 of 1st period - Slapshot by Brooks Orpik.
15:59 of 1st period - Stopped by Kari Lehtonen with a rebound.
17:42 of 1st period - Penalty to Patrick Marleau is over, Patrick Marleau is back on ice.
18:11 of 1st period - Snap shot by Mike York.
18:11 of 1st period - Stopped by Brian Elliott with a rebound.
18:25 of 1st period - Dainius Zubrus is hit by Viktor Kozlov and loses puck.
18:43 of 1st period - Snap shot by Marek Svatos.
18:43 of 1st period - Shot Misses the Net.
19:03 of 1st period - Darren Reid is hit by Michel Ouellet and loses puck.
19:18 of 1st period - Ville Peltonen is hit by Yan Stastny and loses puck.
19:35 of 1st period - Snap shot by Mike York.
19:35 of 1st period - Stopped by Brian Elliott with a rebound.
Goals for this period are 1 for Canadiens vs 1 for Penguins.
Shots for this period are 8 for Canadiens vs 7 for Penguins.
2nd period
0:01 of 2nd period - Viktor Kozlov wins face-off versus Ryan Kesler in neutral zone.
1:12 of 2nd period - Slapshot by Ryan Kesler.
1:12 of 2nd period - Shot Misses the Net.
1:24 of 2nd period - Snap shot by Ryan Kesler.
1:24 of 2nd period - Stopped by Kari Lehtonen without a rebound.
1:25 of 2nd period - Ryan Kesler wins face-off versus Patric Hornqvist in Canadiens zone.
1:26 of 2nd period - Snap shot by Dainius Zubrus.
1:26 of 2nd period - Goal by Dainius Zubrus - Canadiens : 1 - Penguins : 2.
1:27 of 2nd period - Viktor Kozlov wins face-off versus Ryan Kesler in neutral zone.
2:39 of 2nd period - Snap shot by Taylor Pyatt.
2:39 of 2nd period - Shot Misses the Net.
2:41 of 2nd period - Slapshot by Steve Staios.
2:41 of 2nd period - Stopped by Kari Lehtonen without a rebound.
2:42 of 2nd period - Patric Hornqvist wins face-off versus Ryan Kesler in Canadiens zone.
2:57 of 2nd period - Snap shot by Mike York.
2:57 of 2nd period - Shot Misses the Net.
3:07 of 2nd period - Ossi Vaananen is hit by Ville Peltonen and loses puck.
4:16 of 2nd period - Steven Reinprecht is hit by Jeff Woywitka and loses puck.
4:33 of 2nd period - Wrist shot by Radim Vrbata.
4:33 of 2nd period - Stopped by Brian Elliott without a rebound.
4:34 of 2nd period - Denis Arkhipov wins face-off versus Yan Stastny in Penguins zone.
4:39 of 2nd period - Wrist shot by Dan Hamhuis.
4:39 of 2nd period - Deflect By Matt Carle.
4:39 of 2nd period - Stopped by Kari Lehtonen with a rebound.
4:41 of 2nd period - Slapshot by Tom Preissing.
4:41 of 2nd period - Stopped by Kari Lehtonen without a rebound.
4:42 of 2nd period - Viktor Kozlov wins face-off versus Ryan Kesler in Canadiens zone.
4:42 of 2nd period - Viktor Kozlov is hit by Taylor Pyatt.
4:56 of 2nd period - Snap shot by Marek Svatos.
4:56 of 2nd period - Shot Misses the Net.
4:58 of 2nd period - Wrist shot by Viktor Kozlov.
4:58 of 2nd period - Goal by Viktor Kozlov - Canadiens : 2 - Penguins : 2.
4:59 of 2nd period - Ryan Kesler wins face-off versus Viktor Kozlov in neutral zone.
5:35 of 2nd period - Snap shot by Ruslan Fedotenko.
5:35 of 2nd period - Shot Misses the Net.
5:53 of 2nd period - Slapshot by Mike Cammalleri.
5:53 of 2nd period - Deflect By Taylor Pyatt.
5:53 of 2nd period - Shot Misses the Net.
5:53 of 2nd period - Puck is out of play.
5:54 of 2nd period - Steven Reinprecht wins face-off versus Mike Cammalleri in Penguins zone.
6:01 of 2nd period - Mike York is hit by Steven Reinprecht and loses puck.
6:18 of 2nd period - Ville Peltonen is hit by Mike York and loses puck.
6:32 of 2nd period - Mike Cammalleri is hit by Ville Peltonen.
6:38 of 2nd period - Wrist shot by Ville Peltonen.
6:38 of 2nd period - Stopped by Kari Lehtonen with a rebound.
7:17 of 2nd period - Steven Reinprecht is hit by Mike Cammalleri and loses puck.
7:22 of 2nd period - Wrist shot by Mike Cammalleri.
7:22 of 2nd period - Stopped by Brian Elliott without a rebound.
7:23 of 2nd period - Ryan Kesler wins face-off versus Viktor Kozlov in Penguins zone.
7:30 of 2nd period - Snap shot by Taylor Pyatt.
7:30 of 2nd period - Stopped by Kari Lehtonen without a rebound.
7:31 of 2nd period - Viktor Kozlov wins face-off versus Ryan Kesler in Canadiens zone.
7:41 of 2nd period - Slapshot by Dan Hamhuis.
7:41 of 2nd period - Stopped by Kari Lehtonen with a rebound.
7:43 of 2nd period - Slapshot by Ryan Kesler.
7:43 of 2nd period - Shot Misses the Net.
7:45 of 2nd period - Snap shot by Ryan Kesler.
7:45 of 2nd period - Stopped by Kari Lehtonen without a rebound.
7:46 of 2nd period - Ryan Kesler wins face-off versus Viktor Kozlov in Canadiens zone.
8:19 of 2nd period - Raffi Torres is hit by Radim Vrbata and loses puck.
8:38 of 2nd period - Snap shot by Chris Dingman.
8:38 of 2nd period - Goal by Chris Dingman - Canadiens : 3 - Penguins : 2.
8:39 of 2nd period - Viktor Kozlov wins face-off versus Ryan Kesler in neutral zone.
8:42 of 2nd period - Snap shot by Patrick Marleau.
8:42 of 2nd period - Shot Blocked by Taylor Pyatt.
9:08 of 2nd period - Brian McGrattan is hit by Nicklas Lidstrom.
9:20 of 2nd period - Minor Penalty to Brian McGrattan for Holding.
9:21 of 2nd period - Ryan Kesler wins face-off versus Patric Hornqvist in Penguins zone.
9:21 of 2nd period - Ryan Kesler is hit by Jeff Woywitka.
9:37 of 2nd period - Wrist shot by Ryan Kesler.
9:37 of 2nd period - Shot Blocked by Mike Cammalleri.
11:20 of 2nd period - Penalty to Brian McGrattan is over, Brian McGrattan is back on ice.
11:22 of 2nd period - Ruslan Fedotenko is hit by Taylor Pyatt and loses puck.
11:33 of 2nd period - Slapshot by Raffi Torres.
11:33 of 2nd period - Stopped by Kari Lehtonen with a rebound.
11:37 of 2nd period - Snap shot by Taylor Pyatt.
11:37 of 2nd period - Shot Misses the Net.
11:39 of 2nd period - Slapshot by Dan Hamhuis.
11:39 of 2nd period - Stopped by Kari Lehtonen with a rebound.
11:41 of 2nd period - Snap shot by Raffi Torres.
11:41 of 2nd period - Shot Misses the Net.
11:45 of 2nd period - Wrist shot by Raffi Torres.
11:45 of 2nd period - Stopped by Kari Lehtonen with a rebound.
11:47 of 2nd period - Backhand shot by Brian McGrattan.
11:47 of 2nd period - Shot Misses the Net.
11:53 of 2nd period - Wrist shot by Raffi Torres.
11:53 of 2nd period - Stopped by Kari Lehtonen without a rebound.
11:54 of 2nd period - Viktor Kozlov wins face-off versus Ryan Kesler in Canadiens zone.
12:11 of 2nd period - Snap shot by Patric Hornqvist.
12:11 of 2nd period - Goal by Patric Hornqvist - Canadiens : 4 - Penguins : 2.
12:11 of 2nd period - Ondrej Pavelec enters game.
12:12 of 2nd period - Viktor Kozlov wins face-off versus Ryan Kesler in neutral zone.
13:04 of 2nd period - Minor Penalty to Denis Arkhipov for Hooking.
13:05 of 2nd period - Mike Cammalleri wins face-off versus Ryan Kesler in Penguins zone.
13:05 of 2nd period - Snap shot by Patrick Marleau.
13:05 of 2nd period - Shot Misses the Net.
13:09 of 2nd period - Snap shot by Patrick Marleau.
13:09 of 2nd period - Stopped by Ondrej Pavelec without a rebound.
13:10 of 2nd period - Ryan Kesler wins face-off versus Mike Cammalleri in Penguins zone.
14:37 of 2nd period - Patric Hornqvist is hit by Taylor Pyatt and loses puck.
15:04 of 2nd period - Penalty to Denis Arkhipov is over, Denis Arkhipov is back on ice.
15:37 of 2nd period - Icing by Ted Purcell.
15:38 of 2nd period - Yan Stastny wins face-off versus Ted Purcell in Penguins zone.
15:55 of 2nd period - Snap shot by Carlo Colaiacovo.
15:55 of 2nd period - Deflect By Radim Vrbata.
15:55 of 2nd period - Stopped by Kari Lehtonen with a rebound.
16:27 of 2nd period - Steve Staios is hit by Mike Cammalleri and loses puck.
17:02 of 2nd period - Jeff Woywitka is hit by Raffi Torres.
17:25 of 2nd period - Snap shot by Mike York.
17:25 of 2nd period - Shot Blocked by Brian McGrattan.
17:28 of 2nd period - Icing by Dan Hamhuis.
17:29 of 2nd period - Steven Reinprecht wins face-off versus Viktor Kozlov in Penguins zone.
17:56 of 2nd period - Brian McGrattan is hit by Chris Dingman and loses puck.
18:03 of 2nd period - Backhand shot by Viktor Kozlov.
18:03 of 2nd period - Stopped by Ondrej Pavelec without a rebound.
18:04 of 2nd period - Mike Cammalleri wins face-off versus Ryan Kesler in Penguins zone.
18:35 of 2nd period - Off-side.
18:36 of 2nd period - Steven Reinprecht wins face-off versus Radim Vrbata in neutral zone.
18:43 of 2nd period - Snap shot by Steven Reinprecht.
18:43 of 2nd period - Stopped by Kari Lehtonen with a rebound.
18:45 of 2nd period - Snap shot by Steven Reinprecht.
18:45 of 2nd period - Shot Misses the Net.
19:01 of 2nd period - Marek Svatos is hit by Denis Arkhipov and loses puck.
19:15 of 2nd period - Icing by Raffi Torres.
19:16 of 2nd period - Mike Cammalleri wins face-off versus Ryan Kesler in Penguins zone.
19:43 of 2nd period - Steve Staios is hit by Yan Stastny and loses puck.
Goals for this period are 3 for Canadiens vs 1 for Penguins.
Shots for this period are 7 for Canadiens vs 15 for Penguins.
3rd period
0:01 of 3rd period - Viktor Kozlov wins face-off versus Taylor Pyatt in neutral zone.
0:10 of 3rd period - Wrist shot by Patrick Marleau.
0:10 of 3rd period - Shot Misses the Net.
0:46 of 3rd period - Denis Arkhipov is hit by Yan Stastny and loses puck.
1:25 of 3rd period - Wrist shot by Mike Cammalleri.
1:25 of 3rd period - Shot Misses the Net.
2:04 of 3rd period - Raffi Torres is hit by Marek Svatos and loses puck.
2:09 of 3rd period - Snap shot by Marek Svatos.
2:09 of 3rd period - Shot Misses the Net.
2:11 of 3rd period - Slapshot by Marek Svatos.
2:11 of 3rd period - Deflect By Viktor Kozlov.
2:11 of 3rd period - Stopped by Ondrej Pavelec with a rebound.
3:02 of 3rd period - Mike Watt is hit by Patric Hornqvist and loses puck.
3:31 of 3rd period - Icing by Raffi Torres.
3:32 of 3rd period - Dainius Zubrus wins face-off versus Patric Hornqvist in Penguins zone.
4:01 of 3rd period - Snap shot by Ted Purcell.
4:01 of 3rd period - Shot Blocked by Jeff Woywitka.
4:21 of 3rd period - Wrist shot by Jeff Woywitka.
4:21 of 3rd period - Shot Blocked by Steve Staios.
4:23 of 3rd period - Wrist shot by Patrick Marleau.
4:23 of 3rd period - Stopped by Ondrej Pavelec with a rebound.
4:25 of 3rd period - Slapshot by Nicklas Lidstrom.
4:25 of 3rd period - Stopped by Ondrej Pavelec with a rebound.
5:52 of 3rd period - Minor Penalty to Darren Reid for Hooking.
5:53 of 3rd period - Mike Cammalleri wins face-off versus Ryan Kesler in Penguins zone.
6:05 of 3rd period - Off-side.
6:06 of 3rd period - Mike Cammalleri wins face-off versus Ryan Kesler in neutral zone.
6:11 of 3rd period - Snap shot by Mike Cammalleri.
6:11 of 3rd period - Shot Misses the Net.
6:15 of 3rd period - Slapshot by Nicklas Lidstrom.
6:15 of 3rd period - Stopped by Ondrej Pavelec without a rebound.
6:16 of 3rd period - Ryan Kesler wins face-off versus Mike Cammalleri in Penguins zone.
7:22 of 3rd period - Wrist shot by Patrick Marleau.
7:22 of 3rd period - Stopped by Ondrej Pavelec with a rebound.
7:45 of 3rd period - Snap shot by Patric Hornqvist.
7:45 of 3rd period - Shot Misses the Net.
7:47 of 3rd period - Wrist shot by Jeff Woywitka.
7:47 of 3rd period - Shot Misses the Net.
7:52 of 3rd period - Penalty to Darren Reid is over, Darren Reid is back on ice.
8:05 of 3rd period - Wrist shot by Mike Cammalleri.
8:05 of 3rd period - Shot Blocked by Steve Staios.
8:13 of 3rd period - Wrist shot by Mike Cammalleri.
8:13 of 3rd period - Stopped by Ondrej Pavelec without a rebound.
8:14 of 3rd period - Yan Stastny wins face-off versus Steven Reinprecht in Penguins zone.
9:10 of 3rd period - Tyler Sloan is hit by Brian McGrattan and loses puck.
12:09 of 3rd period - Patric Hornqvist is hit by Mike Watt and loses puck.
15:22 of 3rd period - Icing by Tyler Sloan.
15:23 of 3rd period - Radim Vrbata wins face-off versus Steven Reinprecht in Canadiens zone.
16:25 of 3rd period - Icing by Ville Peltonen.
16:26 of 3rd period - Steven Reinprecht wins face-off versus Mike Cammalleri in Penguins zone.
16:41 of 3rd period - Wrist shot by Denis Arkhipov.
16:41 of 3rd period - Stopped by Kari Lehtonen with a rebound.
17:14 of 3rd period - Slapshot by Mike Cammalleri.
17:14 of 3rd period - Deflect By Mike York.
17:14 of 3rd period - Stopped by Ondrej Pavelec with a rebound.
17:16 of 3rd period - Snap shot by Mike York.
17:16 of 3rd period - Stopped by Ondrej Pavelec without a rebound.
17:17 of 3rd period - Ryan Kesler wins face-off versus Mike Cammalleri in Penguins zone.
17:17 of 3rd period - Ryan Kesler is hit by Mike Cammalleri.
17:27 of 3rd period - Wrist shot by Ryan Kesler.
17:27 of 3rd period - Stopped by Kari Lehtonen with a rebound.
17:44 of 3rd period - Icing by Matt Carle.
17:45 of 3rd period - Denis Arkhipov wins face-off versus Mike Cammalleri in Canadiens zone.
18:12 of 3rd period - Slapshot by Mike York.
18:12 of 3rd period - Stopped by Ondrej Pavelec without a rebound.
18:13 of 3rd period - Mike Watt wins face-off versus Radim Vrbata in Penguins zone.
18:23 of 3rd period - Snap shot by Radim Vrbata.
18:23 of 3rd period - Stopped by Ondrej Pavelec with a rebound.
18:25 of 3rd period - Slapshot by Ruslan Fedotenko.
18:25 of 3rd period - Stopped by Ondrej Pavelec with a rebound.
18:27 of 3rd period - Slapshot by Radim Vrbata.
18:27 of 3rd period - Stopped by Ondrej Pavelec with a rebound.
18:29 of 3rd period - Slapshot by Jeff Woywitka.
18:29 of 3rd period - Stopped by Ondrej Pavelec without a rebound.
18:30 of 3rd period - Viktor Kozlov wins face-off versus Raffi Torres in Penguins zone.
18:37 of 3rd period - Slapshot by Steve Staios.
18:37 of 3rd period - Shot Blocked by Jeff Woywitka.
18:39 of 3rd period - Slapshot by Brooks Orpik.
18:39 of 3rd period - Deflect By Raffi Torres.
18:39 of 3rd period - Shot Misses the Net.
18:39 of 3rd period - Puck is out of play.
18:40 of 3rd period - Viktor Kozlov wins face-off versus Denis Arkhipov in Canadiens zone.
18:44 of 3rd period - Jeff Woywitka is hit by Brooks Orpik and loses puck.
18:55 of 3rd period - Slapshot by Ted Purcell.
18:55 of 3rd period - Deflect By Nicklas Lidstrom.
18:55 of 3rd period - Stopped by Kari Lehtonen with a rebound.
18:57 of 3rd period - Snap shot by Raffi Torres.
18:57 of 3rd period - Shot Misses the Net.
18:59 of 3rd period - Slapshot by Denis Arkhipov.
18:59 of 3rd period - Shot Misses the Net.
19:01 of 3rd period - Slapshot by Steve Staios.
19:01 of 3rd period - Deflect By Ted Purcell.
19:01 of 3rd period - Stopped by Kari Lehtonen with a rebound.
19:03 of 3rd period - Snap shot by Steve Staios.
19:03 of 3rd period - Stopped by Kari Lehtonen without a rebound.
19:04 of 3rd period - Ryan Kesler wins face-off versus Yan Stastny in Canadiens zone.
19:05 of 3rd period - Wrist shot by Mike Watt.
19:05 of 3rd period - Stopped by Kari Lehtonen with a rebound.
19:07 of 3rd period - Snap shot by Dan Hamhuis.
19:07 of 3rd period - Deflect By Mike Watt.
19:07 of 3rd period - Stopped by Kari Lehtonen with a rebound.
19:09 of 3rd period - Snap shot by Ryan Kesler.
19:09 of 3rd period - Shot Misses the Net.
19:16 of 3rd period - Off-side.
19:17 of 3rd period - Ryan Kesler wins face-off versus Yan Stastny in neutral zone.
19:22 of 3rd period - Brooks Orpik is hit by Ruslan Fedotenko and loses puck.
19:43 of 3rd period - Brooks Orpik is hit by Nicklas Lidstrom and loses puck.
19:50 of 3rd period - Wrist shot by Mike Cammalleri.
19:50 of 3rd period - Stopped by Ondrej Pavelec with a rebound.
19:52 of 3rd period - Wrist shot by Patric Hornqvist.
19:52 of 3rd period - Shot Blocked by Ryan Kesler.
19:54 of 3rd period - Backhand shot by Éric Desjardins.
19:54 of 3rd period - Stopped by Ondrej Pavelec with a rebound.
Goals for this period are 0 for Canadiens vs 0 for Penguins.
Shots for this period are 15 for Canadiens vs 7 for Penguins.
Output by the SimonT Hockey Simulator (STHS) for François Prévost -- Original Page W3C XHTML 1.0 Valid